 Dungeon Crawl Stone Soup version 0.30.0-29-ga12c61a403 (webtiles) character file.

Game seed: 10649850537657740039

940 booth the Chopper (level 7, -1/54 HPs)
             Began as a Demonspawn Reaver on June 24, 2023.
             Slain by a killer bee (8 damage)
             ... on level 5 of the Dungeon.
             The game lasted 00:27:08 (4538 turns).

booth the Chopper (Demonspawn Reaver)               Turns: 4538, Time: 00:27:09

Health: -1/54      AC: 10    Str: 14    XL:     7   Next: 88%
Magic:  10/12      EV: 12    Int: 14    God:
Gold:   270        SH:  0    Dex: 12    Spells: 9/13 levels left

rFire   + . .        q - +1 hand axe (flame)
rCold   . . .        (no shield)
rNeg    . . .        b - +0 leather armour
rPois   .            (no helmet)
rElec   .            e - +0 cloak
rCorr   +            (gloves unavailable)
SInv    .            (no boots)
Will    .....        (no amulet)
Stlth   +            f - ring of resist corrosion
HPRegen 0.29/turn    s - ring of protection from fire
MPRegen 0.13/turn

%: no passive effects
@: lethally poisoned (-1 -> -5), sanguine armoured
A: foul stench 1, sanguine armour 1, demonic touch 3
a: no special abilities


You were on level 5 of the Dungeon.
You visited 1 branch of the dungeon, and saw 5 of its levels.

You collected 270 gold pieces.

Inventory:

Hand Weapons
 n - a +0 mace
 q - a +1 hand axe of flaming (weapon)
Missiles
 m - 6 boomerangs
 v - 3 poisoned darts (quivered)
Armour
 b - a +0 leather armour (worn)
 e - a +0 cloak (worn)
Jewellery
 f - a ring of resist corrosion (left hand)
 s - a ring of protection from fire (right hand)
Wands
 u - a wand of paralysis (11)
Scrolls
 g - a scroll of immolation
 j - a scroll of torment
 k - 2 scrolls of poison
 l - a scroll of vulnerability
 x - a scroll of brand weapon {unknown}
Potions
 a - a potion of flight
 c - a potion of mutation
 d - a potion of might
 h - a potion of lignification
 i - a potion of cancellation
 o - a potion of haste
 p - a potion of attraction
 r - a potion of brilliance
 t - a potion of curing
Miscellaneous
 w - a phantom mirror


   Skills:
 + Level 4.0 Fighting
 * Level 5.4 Axes
 + Level 3.7 Dodging
 + Level 3.8 Spellcasting
 + Level 4.7 Conjurations


You had 9 spell levels left.
You knew the following spells:

 Your Spells              Type           Power      Damage    Failure   Level
a - Kiss of Death         Conj/Necr      36%        2d8       10%         1
b - Momentum Strike       Conj/Tloc      18%        3d8       14%         2
c - Shock                 Conj/Air       36%        1d5       10%         1

Your spell library contained the following spells:

 Spells                   Type           Power      Damage    Failure   Level
 Hailstorm                Conj/Ice       9%         3d4       28%         3
 Poisonous Vapours        Pois/Air       4%         N/A       36%         2
 Mephitic Cloud           Conj/Pois/Air  7%         N/A       36%         3
 Inner Flame              Hex/Fire       2%         N/A       58%         3
 Swiftness                Air            2%         N/A       58%         3
 Flame Wave               Conj/Fire      9%         2d6       67%         4
 Sticky Flame             Conj/Fire      9%         2d3       67%         4
 Iskenderun's Battlesphe  Conj           16%        2d7       67%         5
 Airstrike                Air            1%         2d(1-17)  94%         4
 Freezing Cloud           Conj/Ice/Air   3%         6-21      98%         5
 Iron Shot                Conj/Erth      4%         9d2       100%        6
 Spellforged Servitor     Conj/Summ      4%         N/A       100%        7


Dungeon Overview and Level Annotations

Branches:
Dungeon (5/15)
 Temple: D:4-7

Altars:
Cheibriados
Ru

Annotations:
D:5 Blork the orc


Innate Abilities, Weirdness & Mutations

You may rarely emit foul miasma when damaged in melee.
When seriously injured, your blood forms armour. (AC +6)
Your touch may irresistibly damage your foes and sap their willpower.


Message History

The killer bee is moderately wounded.
You closely miss the killer bee.
You feel sick.
The killer bee stings you but does no damage.
The killer bee is engulfed in dark miasma.
The killer bee looks even sicker.
The killer bee seems to slow down.
The killer bee stings you but does no damage.
The killer bee is engulfed in dark miasma.
The killer bee looks even sicker.
The killer bee completely misses you. The killer bee stings you.
You are more poisoned.
The killer bee poisons you!
You closely miss the killer bee. Your touch misses the killer bee.
The killer bee is severely wounded.
You hit the killer bee but do no damage.
You feel very sick.
The killer bee is no longer moving slowly.
The killer bee stings you.
The killer bee is engulfed in dark miasma.
The killer bee looks as sick as possible!
The killer bee stings you but does no damage. x2
You barely miss the killer bee.
The killer bee is almost dead.
You barely miss the killer bee.
You feel sick.
You kill the killer bee!
The killer bee barely misses you. The killer bee misses you.
You feel sick. The killer bee stings you!
* * * LOW HITPOINT WARNING * * *
Casting: Shock (safe; 10% risk of failure)
Confirm with . or Enter, or press ? or * to list all spells.
Aiming: Shock (safe; 10% risk of failure)
Press: ? - help, Shift-Dir - straight line, f - Blork the orc
Aim: Blork the orc, wielding a +0 flail and wearing a +0 robe (fast, 72% to hit)
The zap hits the killer bee.
The killer bee is lightly wounded.
The zap hits Blork the orc.
Blork the orc is lightly wounded.
You feel sick. The killer bee stings you.
* * * LOW HITPOINT WARNING * * *
The killer bee stings you!
You die...

#............
#............
#............
#......$.....
#............
#....y.......
#o○#
###y##+##+##.
#..@.........
###
#............
##..
#............
#...
#............
#...
#............
#...
#............
##..
##....#####
##.
##....###..##
#.
#............
#†


You could see Blork the orc (fast) and 2 killer bees.

Vanquished Creatures
  An orc warrior (D:4)
  A sky beast (D:3)
  An ogre (D:4)
  4 scorpions (D:5)
  A killer bee (D:5)
  4 hounds (D:5)
  An orc priest (D:4)
  3 iguanas
  4 adders
  2 white imps (D:5)
  4 worms
  A dart slug (D:3)
  6 orcs
  9 endoplasms
  3 giant cockroaches
  3 goblins
  16 hobgoblins
  4 jackals (D:4)
  7 kobolds
  6 quokkas
  4 ball pythons
  6 bats
  6 frilled lizards
  4 rats
101 creatures vanquished.

Notes
Turn   | Place    | Note
-------+----------+-------------------------------------------
     0 | D:1      | booth the Demonspawn Reaver began the quest for the Orb.
     0 | D:1      | Reached XP level 1. HP: 16/16 MP: 3/3
    94 | D:1      | Gained mutation: Your touch may inflict minor irresistible
                  | damage on your foes. [demonic ancestry]
    94 | D:1      | Reached XP level 2. HP: 5/22 MP: 5/5
   294 | D:1      | Learned a level 2 spell: Momentum Strike
   296 | D:1      | Learned a level 1 spell: Shock
   792 | D:2      | Reached skill level 3 in Axes
   792 | D:2      | Reached XP level 3. HP: 19/28 MP: 6/6
  1238 | D:2      | Found a snail-covered altar of Cheibriados.
  1547 | D:3      | Found a sacrificial altar of Ru.
  1827 | D:3      | Gained mutation: You may rarely emit foul miasma when
                  | damaged in melee. [demonic ancestry]
  1827 | D:3      | Reached XP level 4. HP: 32/34 MP: 7/7
  2051 | D:3      | Noticed a sky beast
  2063 | D:3      | Killed a sky beast
  2064 | D:3      | Gained mutation: When seriously injured, your blood forms
                  | armour. (AC +6) [demonic ancestry]
  2064 | D:3      | Reached XP level 5. HP: 6/40 MP: 6/9
  2456 | D:4      | Noticed an ogre
  2478 | D:4      | Killed an ogre
  2479 | D:4      | Reached skill level 4 in Axes
  2479 | D:4      | Gained mutation: Your touch may inflict irresistible damage
                  | on your foes. [demonic ancestry]
  2479 | D:4      | Reached XP level 6. HP: 40/47 MP: 7/10
  2613 | D:4      | Noticed an orc warrior
  2625 | D:4      | Killed an orc warrior
  3870 | D:5      | Entered Level 5 of the Dungeon
  3922 | D:5      | Gained mutation: Your touch may irresistibly damage your
                  | foes and sap their willpower. [demonic ancestry]
  3922 | D:5      | Reached XP level 7. HP: 15/52 MP: 12/12
  4140 | D:5      | Reached skill level 5 in Axes
  4532 | D:5      | Noticed Blork the orc
  4538 | D:5      | Slain by a killer bee

Illustrated notes

Levels and vault maps discovered:
D:1:      erik_arrival_orb_chamber, layout_basic
D:2:      layout_basic, basic_altar, dk_vineyard_1
D:3:      minmay_bubble_buster, layout_basic, grunt_temple_overflow_open,
          kennysheep_generic_room_11
D:4:      layout_layer_cave, nicolae_elyvilon_peaceful_grove,
          kennysheep_generic_room_15
D:5:      minmay_octagon_keep, layout_gridville, uniq_menkaure,
          uniq_blork_the_orc

Skill      XL: |  1  2  3  4  5  6  7 |
---------------+----------------------+-----
Dodging        | 2 3 |  3.7
Axes           | 3 4 5 |  5.4
Fighting       | 3 4 |  4.0
Spellcasting   | 3 |  3.8
Conjurations   | 4 |  4.7

Action                     |  1- 3 |  4- 6 |  7- 9 || total
---------------------------+-------+-------+-------++-------
  Melee: Hand axe          |   140 |    88 |    43 ||   271
         Touch             |    14 |    16 |    10 ||    40
         Punch             |       |     2 |     1 ||     3
  Throw: Dart              |       |       |     6 ||     6
         Boomerang         |       |       |     2 ||     2
   Cast: Kiss of Death     |       |     3 |     1 ||     4
         Shock             |       |     2 |     2 ||     4
    Use: Scroll            |     4 |     8 |       ||    12
         Potion            |     1 |     2 |     2 ||     5
 Armour: Leather armour    |    31 |    23 |    26 ||    80
  Dodge: Dodged            |    71 |    55 |    28 ||   154
